 Dungeon Crawl Stone Soup version 0.31.0-12-g77e489cdc1 (webtiles) character file.

Game seed: 11186097447307555882

84 hawla the Trooper (level 4, -2/42 HPs)
             Began as a Minotaur Fighter on Feb 17, 2024.
             Incinerated by a bombardier beetle (4 damage)
             ... with a burning spray
             ... on level 3 of the Dungeon.
             The game lasted 00:02:45 (1319 turns).

hawla the Trooper (Minotaur Fighter)                Turns: 1319, Time: 00:02:45

Health: -2/42      AC:  9    Str: 22    XL:     4   Next: 24%
Magic:  3/3        EV:  8    Int:  5    God:
Gold:   160        SH:  5    Dex: 10    Spells: 3/3 levels left

rFire   . . .        a - +0 war axe
rCold   . . .        c - +0 buckler
rNeg    . . .        l - +0 chain mail
rPois   .            (helmet restricted)
rElec   .            (no cloak)
rCorr   .            (no gloves)
SInv    .            (no boots)
Will    .....        (no amulet) Stlth
                     (no ring)
HPRegen 0.27/turn    (no ring)
MPRegen 0.08/turn

%: no passive effects
@: on fire, weak-willed, enlightened, flying, glowing
A: horns 2, retaliatory headbutt
a: no special abilities


You were on level 3 of the Dungeon.
You visited 1 branch of the dungeon, and saw 3 of its levels.

You collected 160 gold pieces.

Inventory:

Hand Weapons
 a - a +0 war axe (weapon)
Armour
 c - a +0 buckler (worn)
 l - a +0 chain mail (worn)
Scrolls
 j - a scroll of teleportation
Potions
 d - a potion of might
 e - a potion of attraction {unknown}
 f - a potion of enlightenment
 i - a potion of curing {unknown}


   Skills:
 + Level 5.1 Fighting
 - Level 2.4 Axes
 - Level 3.6 Armour
 - Level 5.0 Shields


You had 3 spell levels left.
You didn't know any spells.
Your spell library was empty.

Dungeon Overview and Level Annotations

Branches:
Dungeon (3/15)

Altars:


Innate Abilities, Weirdness & Mutations

You have a pair of horns on your head.
You reflexively headbutt those who attack you in melee.


Message History

The bombardier beetle is heavily wounded.
The liquid fire burns you!
You hit the bombardier beetle.
The bombardier beetle is heavily wounded.
The liquid fire burns you!
The bombardier beetle sprays incendiary fluid at you.
The burning spray hits you.
You are even more covered in liquid fire!
You hit the bombardier beetle.
The bombardier beetle is severely wounded.
The liquid fire burns you!
The bombardier beetle sprays incendiary fluid at you.
The burning spray hits you.
You are even more covered in liquid fire!
You hit the bombardier beetle but do no damage.
You headbutt the bombardier beetle.
The bombardier beetle is almost dead.
The liquid fire burns you!
The bombardier beetle sprays incendiary fluid at you.
The burning spray hits you.
You are even more covered in liquid fire!
You hit the bombardier beetle.
The bombardier beetle is almost dead.
The liquid fire burns you!
You block the bombardier beetle's attack.
You slash the bombardier beetle!
You kill the bombardier beetle!
The liquid fire burns you!
* * * LOW HITPOINT WARNING * * *
Your Fighting skill increases to level 5!
You have reached level 4!
You feel agile.
You shake off some of the fire as you move.
The liquid fire burns you!
* * * LOW HITPOINT WARNING * * *
It was a potion of enlightenment.
You feel very buoyant.
You fly up into the air.
The liquid fire burns you!
You die...

#.# #.# ########.##
#########.........
...........#####.# #
..######.^......<#.#
.>#####...#####.#.##
..........#####....#
..#............@.#
#.####..###.##...# #
#..# #.# #.## #..#
#.# .# #..# #.# .#
.... ... .##.###.# .
#.# #.#


There were no monsters in sight!

Vanquished Creatures
  A bombardier beetle (D:3)
  2 ribbon worms (D:2)
  A dart slug (D:2)
  7 endoplasms
  2 giant cockroaches (D:1)
  3 goblins
  3 hobgoblins (D:1)
  2 jackals (D:1)
  4 kobolds (D:1)
  A quokka (D:2)
  3 ball pythons (D:1)
  3 bats (D:1)
  4 frilled lizards (D:1)
  5 rats
41 creatures vanquished.

Notes
Turn   | Place    | Note
-------+----------+-------------------------------------------
     0 | D:1      | hawla the Minotaur Fighter began the quest for the Orb.
     0 | D:1      | Reached XP level 1. HP: 19/19 MP: 0/0
    97 | D:1      | Reached XP level 2. HP: 22/26 MP: 1/1
   275 | D:1      | Reached skill level 5 in Shields
   419 | D:1      | Reached XP level 3. HP: 33/33 MP: 2/2
  1318 | D:3      | Reached skill level 5 in Fighting
  1318 | D:3      | Reached XP level 4. HP: 8/42 MP: 3/3
  1318 | D:3      | HP: 2/42 [burnt (6)]
  1319 | D:3      | Incinerated by a bombardier beetle

Illustrated notes

Levels and vault maps discovered:
D:1:      saegor_arrival_simple_b, layout_basic
D:2:      layout_basic, hangedman_abyss_or_decor_lesser_grid
D:3:      layout_loops_ring, serial_shops, shop, ebering_ghost_gozag,
          st_stairs_6

Skill      XL: |  1  2  3 |
---------------+----------+-----
Shields        | 4 5 |  5.0
Fighting       | 5 |  5.1
Axes           | |  2.4
Armour         | |  3.6

Action                     |  1- 3 |  4- 6 || total
---------------------------+-------+-------++-------
  Melee: War axe           |    97 |       ||    97
         Headbutt          |     8 |       ||     8
    Use: Scroll            |     5 |       ||     5
         Potion            |       |     1 ||     1
 Armour: Scale mail        |    71 |       ||    71
  Dodge: Dodged            |    37 |       ||    37
  Block: Buckler           |    22 |       ||    22
